 Dungeon Crawl Stone Soup version 0.21-a0-153-g78480df (webtiles) character file.

61 terra52 the Insei (level 3, -3/27 HPs)
             Began as a Vampire Gladiator on July 31, 2017.
             Slain by a worm (8 damage)
             ... on level 2 of the Dungeon.
             The game lasted 00:04:03 (1591 turns).

terra52 the Insei (Vampire Gladiator)               Turns: 1591, Time: 00:04:04

Health: -3/27      AC:  4    Str: 14    XL:     3   Next: 83%
Magic:  3/3        EV: 14    Int: 10    God:
Gold:   114        SH:  0    Dex: 15    Spells: 2/2 levels left

rFire    . . .     SeeInvis +     - Unarmed
rCold    . . .     Gourm    .   (no shield)
rNeg     + . .     Faith    .   a - +0 leather armour
rPois    .         Spirit   .   b - +0 helmet
rElec    .         Reflect  .   (no cloak)
rCorr    .         Harm     .   (no gloves)
MR       .....                  (no boots)
Stlth    +.........             (no amulet)
HPRegen  0.09/turn              (no ring)
MPRegen  0.08/turn              (no ring)

@: no status effects
A: fangs 3, see invisible, unbreathing
a: Bat Form


You were on level 2 of the Dungeon.
You were not thirsty.

You visited 1 branch of the dungeon, and saw 2 of its levels.

You collected 114 gold pieces.

Inventory:

Missiles
 c - 3 throwing nets (quivered)
Armour
 a - a +0 leather armour (worn)
 b - a +0 helmet (worn)
Scrolls
 e - a scroll of amnesia {unknown}
 g - a scroll of magic mapping {unknown}
 i - a scroll of identify {unknown}
 j - 2 scrolls of enchant armour {unknown}
 k - 3 scrolls of fear {unknown}
 l - a scroll of fog {unknown}
Potions
 d - 3 potions of blood
 f - a potion of heal wounds {unknown}
 h - 2 potions of brilliance {unknown}


   Skills:
 + Level 2.1 Fighting
 + Level 1.6 Throwing
 + Level 0.8 Armour
 + Level 4.0 Dodging
 + Level 4.1 Unarmed Combat


You had 2 spell levels left.
You didn't know any spells.

Dungeon Overview and Level Annotations

Branches:
Dungeon (2/15)

Altars:


Innate Abilities, Weirdness & Mutations

You have razor-sharp teeth.
You have supernaturally acute eyesight. (SInv)
You can survive without breathing.


Message History

The worm bites you but does no damage.
You hit the worm but do no damage. You bite the worm.
The worm is moderately wounded.
You barely miss the worm.
The worm is moderately wounded.
The worm bites you but does no damage.
You hit the worm.
The worm is heavily wounded.
You barely miss the worm.
The worm is heavily wounded.
The worm bites you!
* * * LOW HITPOINT WARNING * * *
You hit the worm.
The worm is severely wounded.
The worm misses you. The worm misses you. The worm completely misses you.
The worm barely misses you. The worm bites you!
You die...

.P............# #####...
.##...#####...# ##. ........
.###..........# .. ########
.............#####.##>#
#######
.............#......#.#
.......
#####.####...#......#.##
####### # #.# #.......8.....#
# # #
###.####..[##.....#..#.# #
###....<####.##.@w..#..#.## #
....#.#.####.#.!#####.....###
#
##..#..................#.....
# #..###..###########....# #
#.§....§.# #.###)# #
#.#§.§...# #.# # # #.#.§§§§.#
#.# # #.#.§§§..#
#.#########.## ##.#§.§§.##
####.#.........#.


You could see a worm.

Vanquished Creatures
  2 adders (D:2)
  An adder zombie (D:2)
  An adder skeleton (D:2)
  A leopard gecko (D:1)
  5 bats
  3 bat skeletons (D:2)
  A giant cockroach (D:1)
  4 goblins (D:1)
  3 hobgoblins
  5 kobolds
  2 ball pythons (D:2)
  4 frilled lizards
  A quokka skeleton (D:2)
  A quokka zombie (D:2)
  5 rats
39 creatures vanquished.

Notes
Turn   | Place    | Note
-------+----------+-------------------------------------------
     0 | D:1      | terra52 the Vampire Gladiator began the quest for the Orb.
     0 | D:1      | Reached XP level 1. HP: 16/16 MP: 1/1
   164 | D:1      | Reached XP level 2. HP: 22/22 MP: 2/2
   735 | D:2      | Reached XP level 3. HP: 15/27 MP: 3/3
  1591 | D:2      | Slain by a worm

Vault maps used:
D:1:      matt_arrival_refuge
D:2:      serial_undead, serial_undead_b, serial_undead_e, serial_undead_d,
          serial_undead_a, serial_undead_a, serial_undead_b, due_unseen_surprise

Skill      XL: |  1  2  3 |
---------------+----------+-----
Fighting       | 2 |  2.1
Unarmed Combat | 4 |  4.1
Dodging        | 4 |  4.0
Throwing       | |  1.6
Armour         | |  0.8

Action                   || total
-------------------------++-------
Melee: Unarmed           ||   148
       Bite              ||    16
       Punch             ||     2
 Abil: End Transformatio ||     1
       Bat Form          ||     1
  Eat: Corpse            ||     3
Armor: Leather armour    ||    48
Dodge: Dodged            ||   121
